 Dungeon Crawl Stone Soup version 0.27-a0-911-gfacc31910f (webtiles) character file.

Game seed: 7942190931880776125

27 Bapho the Ruffian (level 2, -6/29 HPs)
             Began as a Troll Monk on Apr 9, 2021.
             Killed from afar by Ijyb (23 damage)
             ... with a bolt of acid
             ... on level 3 of the Dungeon.
             The game lasted 00:02:06 (1463 turns).

Bapho the Ruffian (Troll Monk)                      Turns: 1463, Time: 00:02:07

Health: -6/29      AC:  4    Str: 17 (18) XL:     2   Next: 93%
Magic:  1/1        EV: 10    Int:  4 (6)  God:
Gold:   103        SH:  0    Dex: 11 (12) Spells: 1/1 levels left

rFire    . . .     SeeInvis .     - Unarmed
rCold    . . .     Faith    .   (no shield)
rNeg     . . .     Spirit   .   a - +0 robe
rPois    .         Reflect  .   (helmet restricted)
rElec    .         Harm     .   (no cloak)
rCorr    .         Rampage  .   (gloves unavailable)
Will     .....                  (boots unavailable)
Stlth    +.........             (no amulet)
HPRegen  1.09/turn              (no ring)
MPRegen  0.07/turn              (no ring)

@: brilliant, on berserk cooldown, slowed, very slow
A: large, unfitting armour, claws 3, regeneration 1, shaggy fur 1, tough skin 1
a: no special abilities


You were on level 3 of the Dungeon.
You visited 1 branch of the dungeon, and saw 3 of its levels.

You collected 103 gold pieces.

Inventory:

Missiles
 e - 32 stones (quivered)
Armour
 a - a +0 robe (worn)
Jewellery
 b - a ring of protection from cold
Scrolls
 d - 2 scrolls of teleportation
Potions
 c - a potion of magic


   Skills:
 - Level 2.4 Fighting
 - Level 2.4 Dodging
 - Level 1.0 Stealth
 + Level 4.2 Unarmed Combat


You had one spell level left.
You didn't know any spells.
Your spell library contained the following spells:

 Spells                   Type           Power      Damage    Failure   Level
 Beastly Appendage        Tmut           0%         N/A       50%         1
 Wereblood                Tmut           0%         N/A       65%         2
 Spider Form              Tmut/Pois      0%         N/A       86%         3
 Ice Form                 Ice/Tmut       0%         N/A       99%         4
 Hydra Form               Tmut           0%         N/A       100%        5


Dungeon Overview and Level Annotations

Branches:
Dungeon (3/15)

Altars:

Annotations:
D:3 Ijyb


Innate Abilities, Weirdness & Mutations

You are too large for most types of armour.
You have claws for hands.
Your natural rate of healing is unusually fast.
You are covered in fur. (AC +1)
You have tough skin. (AC +1)


Message History

Ijyb the Twisted Goblin comes into view.
She is wielding a +0 club and carrying a wand of acid (9).
Okay, then.
As you read the scroll labelled ITZAHA KAUZ, it crumbles to dust.
Your body is wracked with pain!
It was a scroll of torment.
As you read the scroll labelled BETUAR XAOLLU, it crumbles to dust.
It is a scroll of amnesia.
You feel forgetful for a moment.
As you read the scroll labelled OCYIVE PYEJU, it crumbles to dust.
It is a scroll of identify.
c - a potion of magic You start resting.
HP restored.
You start waiting.
Done waiting.
It was a potion of brilliance.
You feel clever all of a sudden.
It was a potion of degeneration.
There was something very wrong with that liquid.
You feel weakened.
You feel dopey.
You feel clumsy.
It was a potion of berserk rage.
A red film seems to cover your vision as you go berserk!
You feel yourself moving faster!
You feel mighty!
You feel a strong urge to attack something.
Ijyb shouts!
You feel your anger nearly subside.
Ijyb zaps a wand.
The bolt of acid hits you.
You are splashed with acid!
You are no longer berserk.
You are exhausted.
You feel yourself slow down. Ijyb hits you with a +0 club.
You barely miss Ijyb. You claw Ijyb, but do no damage.
Ijyb hits you with a +0 club.
You claw Ijyb!
Ijyb is moderately wounded.
Ijyb hits you with a +0 club.
You scratch Ijyb but do no damage.
Ijyb is moderately wounded.
Ijyb zaps a wand.
The bolt of acid hits you!!
Ouch! That really hurt!
You die...

### #.. #.# #.#### #.#
#.... ... #..#######
###.#.#########..#.....
..#.#......g@....#..#.#
###.#.#.##########.#.##.#
#.#.#.# #........#
#.#.#.#.# #.#.##...###.#
#.#.<...# #.#..........#
#.#.###.# ###
#.###...####### #.#.....#
#.# #..............
#.#.#####
#.###########.######.
#.#.# #.............#.#


You could see Ijyb.

Vanquished Creatures
  A gnoll (D:1)
  A dart slug (D:3)
  4 endoplasms
  A goblin (D:2)
  A quokka (D:2)
  4 ball pythons
  2 frilled lizards (D:1)
  2 rats (D:2)
16 creatures vanquished.

Vanquished Creatures (others)
  An endoplasm (D:3)
1 creature vanquished.

Grand Total: 17 creatures vanquished

Notes
Turn   | Place    | Note
-------+----------+-------------------------------------------
     0 | D:1      | Bapho the Troll Monk began the quest for the Orb.
     0 | D:1      | Reached XP level 1. HP: 22/22 MP: 0/0
    75 | D:1      | Reached XP level 2. HP: 29/29 MP: 1/1
   686 | D:2      | Found a faded altar of an unknown god.
   767 | D:2      | Reached skill level 4 in Unarmed Combat
  1339 | D:3      | Noticed Ijyb
  1463 | D:3      | Killed from afar by Ijyb

Illustrated notes

Levels and vault maps discovered:
D:1:      sevenhm_arrival_forest_fort_small_4, layout_loops_ring
D:2:      layout_loops_ring, ebering_ecumenical_altar_hall
D:3:      layout_basic, gammafunk_temple_overflow_statue, lemuel_old_faithful,
          uniq_ijyb

Skill      XL: |  1  2 |
---------------+-------+-----
Unarmed Combat | 4 |  4.2
Fighting       | |  2.4
Dodging        | |  2.4
Stealth        | |  1.0

Action                   || total
-------------------------++-------
Melee: Unarmed           ||    25
       Punch             ||     1
Throw: Stone             ||    22
  Use: Scroll            ||     4
       Potion            ||     3
 Stab: Sleeping          ||     3
Armor: Robe              ||     3
Dodge: Dodged            ||     5

Table legend: (Time is in decaauts)
 A = Elapsed time spent in this place.
 B = Non-inter-level travel time spent in this place.
 C = Inter-level travel time spent in this place.
 D = Time resting spent in this place.
 E = Time spent auto-exploring this place.
 F = Levels seen in this place.
 G = Mean time per level.
                   A        B        C        D        E       F      G
               +--------+--------+--------+--------+--------+-----+--------+
         Total |   1467 |   1365 |    102 |    109 |   1147 |   3 |  489.0 |
       Dungeon |   1467 |   1365 |    102 |    109 |   1147 |   3 |  489.0 |
               +--------+--------+--------+--------+--------+-----+--------+

Top non-repeatable levels by time:
     D:1: 661 daAuts
     D:2: 592 daAuts
     D:3: 212 daAuts
